 Dungeon Crawl Stone Soup version 0.22.0-6-g71bd7aa6b3 (webtiles) character file.

37 Htamos the Gusty (level 3, -1/23 HPs)
             Began as a Halfling Air Elementalist on Aug 14, 2018.
             Slain by a gnoll (4 damage)
             ... on level 2 of the Dungeon.
             The game lasted 00:04:00 (1775 turns).

Htamos the Gusty (Halfling Air Elementalist)        Turns: 1775, Time: 00:04:00

Health: -1/23      AC:  5    Str: 10    XL:     3   Next: 60%
Magic:  4/5        EV: 13    Int: 13    God:
Gold:   114        SH:  0    Dex: 14    Spells: 4/5 levels left

rFire    . . .     SeeInvis .   j - +0 mace (holy)
rCold    . . .     Gourm    .   (shield restricted)
rNeg     . . .     Faith    .   d - +0 ring mail
rPois    .         Spirit   .   (no helmet)
rElec    .         Reflect  .   (no cloak)
rCorr    .         Harm     .   (no gloves)
MR       .....                  (no boots)
Stlth    ++........             (no amulet)
HPRegen  0.07/turn              (no ring)
MPRegen  0.09/turn              (no ring)

@: no status effects
A: small, mutation resistance 1
a: no special abilities


You were on level 2 of the Dungeon.
You were not hungry.

You visited 1 branch of the dungeon, and saw 2 of its levels.

You collected 114 gold pieces.

Inventory:

Hand Weapons
 b - a +0 dagger
 j - a +0 mace of holy wrath (weapon)
 q - a +0 short sword
Armour
 a - a +0 robe
 d - a +0 ring mail (worn)
Jewellery
 f - a cursed ring of teleportation {unknown}
 g - an uncursed amulet of guardian spirit {unknown}
 i - an uncursed ring of wizardry {unknown}
 k - a cursed ring of attention {unknown}
 m - a +2 ring of intelligence {unknown}
 s - an uncursed ring of protection from magic {unknown}
Scrolls
 e - a scroll of fear {unknown}
 h - a scroll of amnesia {unknown}
 o - 2 scrolls of identify {unknown}
 p - a scroll of fog {unknown}
 t - a scroll of teleportation {unknown}
Potions
 l - a potion of haste {unknown}
 n - a potion of might {unknown}
 u - a potion of lignification {unknown}
Comestibles
 c - 2 rations
 r - 2 chunks of flesh


   Skills:
 + Level 1.0 Fighting
 + Level 1.3 Armour
 + Level 2.7 Dodging
 + Level 2.8 Stealth
 - Level 1.5 Spellcasting
 - Level 0.7 Conjurations
 + Level 3.1 Air Magic


You had 4 spell levels left.
You knew the following spells:

 Your Spells              Type           Power        Failure   Level  Hunger
a - Shock                 Conj/Air       #...         30%         1    ##.....

Your spell library contained the following spells:

 Spells                   Type           Power        Failure   Level  Hunger
 Lightning Bolt           Conj/Air       #.........   100%        5    ######.
 Swiftness                Chrm/Air       #.......     47%         2    ###....
 Airstrike                Air            #.........   88%         4    #####..
 Static Discharge         Conj/Air       #.......     67%         3    ####...


Dungeon Overview and Level Annotations

Branches:
Dungeon (2/15)

Altars:


Innate Abilities, Weirdness & Mutations

You are small and have problems with some larger weapons.
You are somewhat resistant to further mutation.


Message History

The gnoll is almost dead.
The gnoll hits you but does no damage.
You see here 12 stones.
Casting: Shock (safe; 30% risk of failure)
Confirm with . or Enter, or press ? or * to list all spells.
Aiming: Shock (safe; 30% risk of failure)
Press: ? - help, Shift-Dir - straight line, f/p - gnoll
Aim: a gnoll (heavily wounded)
The zap hits the gnoll.
The gnoll is severely wounded.
The zap hits the gnoll.
The gnoll is almost dead.
The zap hits the gnoll.
The gnoll appears unharmed.
The gnoll is almost dead.
The gnoll barely misses you.
The gnoll hits you from afar with a spear.
* * * LOW HITPOINT WARNING * * *
Unknown command.
The gnoll hits you.
You die...

#.#.#.# #.#.#.#
#.#.#.# #.#.#.#
#.# #.#.#.# #.#
####.#.#.# #.#
#...g..#.# #.#
#g####.#.# #.#
#@# #.#.#### #.#
#.# #.#....# #.#
#.# #.####.# #.#
#.# #.####)# ####
#.# #.####......#
(..# #.#
#.....##########.
...# #.#
####.............
...###.####
#..###########
..........#
#....g.#


You could see a gnoll.

Vanquished Creatures
  A gnoll (D:2)
  A dart slug (D:1)
  A ball python (D:1)
  4 bats (D:1)
  A giant cockroach (D:1)
  4 frilled lizards
  6 goblins
  4 kobolds
  4 rats
26 creatures vanquished.

Notes
Turn   | Place    | Note
-------+----------+-------------------------------------------
     0 | D:1      | Htamos the Halfling Air Elementalist began the quest for the Orb.
     0 | D:1      | Reached XP level 1. HP: 11/11 MP: 3/3
   482 | D:1      | Reached XP level 2. HP: 17/18 MP: 0/4
   889 | D:1      | Reached skill level 1 in Armour
  1179 | D:2      | Reached XP level 3. HP: 22/22 MP: 5/5
  1641 | D:2      | Reached skill level 1 in Fighting
  1775 | D:2      | Slain by a gnoll

Skill      XL: |  1  2  3 |
---------------+----------+-----
Armour         | 1 |  1.3
Fighting       | 1 |  1.0
Dodging        | |  2.7
Stealth        | |  2.8
Spellcasting   | |  1.5
Conjurations   | |  0.7
Air Magic      | |  3.1

Action                   || total
-------------------------++-------
Melee: Dagger            ||    27
       Mace              ||     3
 Cast: Shock             ||    47
 Stab: Sleeping          ||     1
  Eat: Chunk             ||     1
       Ration            ||     1
Armor: Robe              ||     9
       Ring mail         ||     2
Dodge: Dodged            ||    58
